 Dungeon Crawl Stone Soup version 0.25.1-2-g60ff931df9 (webtiles) character file.

Game seed: 15146935994837327513

51 Martska the Changer (level 3, -1/31 HPs)
             Began as a Naga Transmuter on Oct 14, 2020.
             Slain by Terence
             ... wielding a +6 falchion of protection
              (5 damage)
             ... on level 2 of the Dungeon.
             The game lasted 00:03:34 (2239 turns).

Martska the Changer (Naga Transmuter)               Turns: 2239, Time: 00:03:35

Health: -1/31      AC:  2    Str: 12    XL:     3   Next: 81%
Magic:  6/6        EV: 10    Int: 14    God:
Gold:   48         SH:  0    Dex: 11    Spells: 2/6 levels left

rFire    . . .     SeeInvis +   n - +0 spear
rCold    . . .     Gourm    .   (no shield)
rNeg     . . .     Faith    .   b - +0 robe
rPois    +         Spirit   .   (no helmet)
rElec    .         Reflect  .   (no cloak)
rCorr    .         Harm     .   (no gloves)
MR       .....                  (no barding)
Stlth    +.........             (no amulet)
HPRegen  0.10/turn              (no ring)
MPRegen  0.10/turn              (no ring)

@: very slow
A: large, see invisible, deformed body, poison resistance, slowness 2, slow
metabolism 1, spit poison 1, AC +1
a: Spit Poison


You were on level 2 of the Dungeon.
You were hungry.

You visited 1 branch of the dungeon, and saw 2 of its levels.

You collected 48 gold pieces.

Inventory:

Hand Weapons
 g - a +0 dagger
 h - a +0 short sword
 n - a +0 spear (weapon)
Missiles
 a - 38 arrows
Armour
 b - a +0 robe (worn)
 c - a +0 kite shield
Scrolls
 e - a scroll of noise {unknown}
 f - a scroll of identify {unknown}
 k - 2 scrolls of teleportation {unknown}
 l - a scroll of amnesia {unknown}
Potions
 i - a potion of curing {unknown}
 j - a potion of might {unknown}
 m - a potion of flight {unknown}
Comestibles
 d - 2 rations
 o - a chunk of flesh


   Skills:
 - Level 1.0 Fighting
 - Level 1.5 Dodging
 - Level 3.0 Unarmed Combat
 - Level 2.0 Spellcasting
 + Level 4.0 Transmutations


You had 2 spell levels left.
You knew the following spells:

 Your Spells              Type           Power        Failure   Level  Hunger
a - Beastly Appendage     Tmut           ##....       4%          1    ##.....
b - Spider Form           Tmut/Pois      #.........   30%         3    ####...

Your spell library contained the following spells:

 Spells                   Type           Power        Failure   Level  Hunger
 Sticks to Snakes         Tmut           ##......     7%          2    ###....
 Ice Form                 Ice/Tmut       #.......     71%         4    #####..
 Blade Hands              Tmut           ##........   77%         5    ######.


Dungeon Overview and Level Annotations

Branches:
Dungeon (2/15)

Altars:
Cheibriados

Annotations:
D:2 Terence


Innate Abilities, Weirdness & Mutations

You cannot wear boots.
Your serpentine skin is tough. (AC +1)
You have supernaturally acute eyesight. (SInv)
Armour fits poorly on your strangely shaped body.
Your system is resistant to poisons. (rPois)
You cover ground very slowly.
You have a slow metabolism.
You can spit poison.


Message History

Terence hits you with a +6 falchion of protection!
You hit Terence but do no damage.
Terence is severely wounded.
Terence looks more healthy.
Terence hits you with a +6 falchion of protection!
You hit Terence but do no damage.
Terence is severely wounded.
Terence closely misses you.
You barely miss Terence.
Terence is severely wounded.
Terence hits you with a +6 falchion of protection.
You barely miss Terence.
Terence is severely wounded.
Terence hits you with a +6 falchion of protection!
* * * LOW HITPOINT WARNING * * *
You hit Terence but do no damage.
Terence is severely wounded.
You have got your breath back.
Terence hits you with a +6 falchion of protection.
You die...

#.###.#.#####.#
#.#...........#
#...###.###..##
#...# #.# #.##
#.#.###'###รท#
#.#.###_'...#
#.#.###'###.#
#####.#@# #.# #.#
.......@###.###.#
######..........#
#...########
#####


You could see Terence.

Vanquished Creatures
  2 adders (D:2)
  2 dart slugs (D:1)
  A leopard gecko (D:1)
  3 goblins (D:1)
  6 hobgoblins
  2 quokkas (D:2)
  4 bats
  A frilled lizard (D:1)
  2 kobolds (D:2)
  4 rats
27 creatures vanquished.

Notes
Turn   | Place    | Note
-------+----------+-------------------------------------------
     0 | D:1      | Martska the Naga Transmuter began the quest for the Orb.
     0 | D:1      | Reached XP level 1. HP: 18/18 MP: 3/3
   142 | D:1      | Reached XP level 2. HP: 22/25 MP: 5/5
   505 | D:1      | Reached skill level 3 in Transmutations
  1450 | D:2      | Reached XP level 3. HP: 23/31 MP: 6/6
  1958 | D:2      | Reached skill level 4 in Transmutations
  2182 | D:2      | Learned a level 3 spell: Spider Form
  2201 | D:2      | Found a snail-covered altar of Cheibriados.
  2227 | D:2      | Noticed Terence
  2239 | D:2      | Slain by Terence

Illustrated notes

Levels and vault maps discovered:
D:1:      lightli_arrival_isolated_outpost, layout_loops_ring, minivault_23
D:2:      layout_loops_ring, lemuel_doored_altar, first_ration, minivault_27,
          kennysheep_nub, uniq_terence

Skill      XL: |  1  2  3 |
---------------+----------+-----
Transmutations | 3 4 |  4.0
Fighting       | |  1.0
Dodging        | |  1.5
Unarmed Combat | |  3.0
Spellcasting   | |  2.0

Action                   || total
-------------------------++-------
Melee: Short sword       ||    45
       Unarmed           ||     2
       Punch             ||     1
       Spear             ||    45
 Abil: Spit Poison       ||    18
 Stab: Sleeping          ||     2
  Eat: Chunk             ||     3
Armor: Robe              ||    20
Dodge: Dodged            ||    52
